Description

dsds

Replay - Silver 3 - PvT - Game 10

Build Order

Get SALT Encoding   

  12  0:00  Probe  
  13  0:12  Probe  
  14  0:21  Pylon  
  14  0:24  Probe  
  15  0:39  Probe  
  16  0:45  Gateway  
  16  0:51  Probe  
  17  1:03  Probe  
  18  1:07  Assimilator  
  18  1:15  Probe  
  19  1:23  Nexus  
  19  1:27  Probe  
  20  1:33  Cybernetics Core  
  20  1:39  Probe  
  21  1:46  Assimilator  
  21  1:54  Pylon  
  21  1:56  Probe  
  22  2:12  Stalker  
  22  2:14  Warp Gate  
  26  2:32  Pylon  
  28  2:42  Stalker  
  34  3:00  Robotics Facility  
  34  3:02  Gateway  
  36  3:25  Stalker  
  40  3:33  Pylon  
  44  3:56  Observer  
  45  4:03  Stalker x2  
  49  4:11  Nexus  
  49  4:15  Pylon  
  51  4:30  Assimilator x2  
  53  4:38  Stalker x2  
  53  4:40  Immortal  
  67  5:12  Stalker x2  
  71  5:18  Shield Battery  
  71  5:24  Immortal  
  84  6:05  Stalker  
  84  6:07  Immortal  
  92  6:15  Twilight Council  
  92  6:17  Forge x2  
  92  6:22  Gateway x2  
  106  6:47  Immortal  
  109  7:00  Nexus  
  123  7:37  Protoss Shields Level 1 (Chrono Boost), Immortal, Protoss Ground Weapons Level 1 (Chrono Boost)  
  130  7:54  Assimilator x2  
  133  8:10  Assimilator x2  
  145  8:20  Immortal  
  152  8:37  Nexus  
  152  8:38  Robotics Facility  
  152  8:41  Gateway x3  
  152  8:47  Gateway x2  
  152  8:52  Gateway  
  152  9:22  Immortal  
  164  9:26  Templar Archives  
Spawning Tool Build Advisor. Get it on Overwolf

Go to:

Details

  • Created by: hannahrose
  • Published on: Sep 14, 2021
  • Modified on: Sep 14, 2021
  • Patch: 4.11.0
  • Difficulty: Easy
Show
View Real Time Build Order
Export as new Build Order

Comments (0)

There are no comments. Be the first!

Create an account to comment!